Map: [ESL] Cosmic Sapphire

Players

Rhizer - Winner!

  • Race: Protoss Protoss
  • Spawn Location: 11:00

Aristori

  • Race: Zerg Zerg
  • Spawn Location: 5:00

Event: DreamHack SC2 Masters 2022 Valencia

VOD

Have the link to the VOD?

Description

Time

  • Played on: July 1, 2022, 6:49 a.m.
  • Length: 14:33

All games in this series

Show
View Real Time Build Order
Export as new Build Order

Rhizer Protoss - Winner!

Build Orders: 1 Gate Expand, Oracle Opening, Archon Immortal 

Get SALT Encoding   

  12  0:00  Probe  
  13  0:12  Probe  
  14  0:22  Pylon  
  14  0:24  Probe  
  15  0:40  Probe (Chrono Boost)  
  15  0:42  Gateway  
  17  0:50  Probe (Chrono Boost)  
  17  0:52  Assimilator  
  17  0:55  Probe (Chrono Boost)  
  18  1:07  Probe  
  19  1:19  Probe  
  20  1:28  Nexus  
  20  1:39  Cybernetics Core  
  20  1:41  Probe  
  21  1:48  Assimilator  
  21  1:53  Probe  
  22  1:58  Pylon  
  22  2:05  Probe  
  23  2:14  Adept (Chrono Boost)  
  23  2:17  Probe  
  23  2:19  Stargate  
  26  2:29  Warp Gate, Probe  
  27  2:34  Adept (Chrono Boost)  
  27  2:40  Probe  
  27  2:42  Probe  
  31  2:53  Probe  
  31  2:54  Probe  
  33  3:05  Probe  
  38  3:06  Probe  
  38  3:07  Void Ray (Chrono Boost)  
  38  3:11  Pylon  
  39  3:17  Probe  
  39  3:18  Probe  
  41  3:29  Probe  
  41  3:30  Probe  
  43  3:35  Oracle (Chrono Boost)  
  43  3:38  Adept (Chrono Boost)  
  47  3:41  Probe  
  47  3:42  Probe  
  46  3:49  Gateway  
  46  3:53  Probe  
  46  3:54  Probe  
  48  3:57  Pylon  
  48  4:00  Adept (Chrono Boost)  
  50  4:05  Probe  
  50  4:09  Oracle  
  54  4:19  Probe  
  54  4:20  Pylon  
  54  4:25  Assimilator  
  54  4:27  Assimilator  
  54  4:31  Probe  
  55  4:39  Probe (Chrono Boost)  
  55  4:41  Nexus  
  55  4:42  Pylon  
  55  4:43  Probe (Chrono Boost)  
  55  4:44  Adept  
  58  4:46  Robotics Facility  
  58  4:48  Forge  
  58  4:52  Probe (Chrono Boost)  
  60  4:54  Probe (Chrono Boost)  
  60  4:59  Probe (Chrono Boost)  
  60  5:01  Probe (Chrono Boost)  
  60  5:04  Probe (Chrono Boost)  
  62  5:09  Probe  
  63  5:16  Probe  
  63  5:17  Nexus  
  63  5:20  Pylon  
  64  5:21  Probe  
  64  5:23  Twilight Council  
  64  5:24  Protoss Ground Weapons Level 1  
  64  5:27  Sentry x2  
  65  5:28  Probe  
  65  5:33  Probe  
  67  5:36  Immortal (Chrono Boost)  
  67  5:38  Pylon  
  67  5:40  Probe  
  72  5:45  Probe  
  73  5:51  Gateway  
  73  5:52  Probe  
  73  5:53  Gateway  
  74  5:57  Probe  
  75  6:05  Probe  
  75  6:06  Shield Battery  
  75  6:09  Observer  
  75  6:10  Gateway  
  76  6:11  Gateway  
  76  6:12  Zealot x2  
  76  6:13  Probe  
  76  6:17  Probe  
  81  6:25  Probe  
  81  6:27  Charge  
  81  6:32  Probe  
  82  6:33  Templar Archives  
  82  6:43  Immortal (Chrono Boost)  
  86  6:47  Probe x2  
  86  6:51  Probe  
  86  6:52  Phoenix, Assimilator  
  89  6:54  Assimilator  
  89  7:02  Probe  
  89  7:04  Probe  
  89  7:05  Probe  
  89  7:08  Gateway  
  92  7:10  Gateway  
  92  7:11  Gateway  
  92  7:14  Probe  
  93  7:17  Probe x2  
  93  7:21  Immortal (Chrono Boost)  
  95  7:23  Zealot  
  101  7:31  Protoss Ground Weapons Level 2 (Chrono Boost)  
  101  7:32  Pylon  
  101  7:33  Pylon  
  101  7:35  Gateway  
  101  7:38  Pylon x2  
  101  7:41  Psionic Storm  
  101  7:50  Probe  
  102  7:52  Immortal (Chrono Boost)  
  102  7:53  High Templar x3  
  102  7:56  Probe x2  
  114  7:58  High Templar  
  116  8:10  Nexus  
  116  8:12  Pylon  
  116  8:15  Photon Cannon  
  116  8:17  Photon Cannon  
  116  8:18  Shield Battery, High Templar  
  116  8:19  High Templar  
  120  8:25  Probe  
  121  8:31  Photon Cannon  
  121  8:32  Stalker, Shield Battery  
  123  8:39  Stalker x4, Zealot  
  131  8:49  Zealot  
  131  8:51  Probe  
  130  9:15  Pylon  
  130  9:16  Pylon  
  129  9:18  Pylon  
  129  9:19  Probe  
  129  9:22  Probe, Immortal (Chrono Boost)  
  129  9:23  Probe  
  126  9:31  Nexus  
  126  9:35  Pylon  
  126  9:37  High Templar x5  
  126  9:38  Protoss Ground Weapons Level 3 (Chrono Boost)  
  136  9:41  Photon Cannon, High Templar  
  136  9:42  Photon Cannon  
  136  9:44  Photon Cannon, Archon x2  
  138  9:45  Pylon  
  138  9:49  Archon  
  138  9:59  Photon Cannon x2  
  138  10:01  Photon Cannon  
  138  10:03  Gateway  
  138  10:05  Gateway  
  138  10:06  Gateway  
  138  10:13  Zealot x6  
  138  10:14  Zealot x2  
  149  10:26  Photon Cannon  
  149  10:30  Pylon  
  149  10:31  Pylon  
  149  10:32  Photon Cannon  
  149  10:40  Pylon  
  149  10:43  Probe x2, Immortal (Chrono Boost)  
  155  10:50  Probe  
  155  10:55  Probe  
  155  10:57  Pylon  
  157  10:58  High Templar x6  
  157  10:59  Zealot  
  157  11:02  Archon x2  
  157  11:03  Archon  
  171  11:10  Warp Prism (Chrono Boost)  
  173  11:13  Gateway  
  173  11:14  Gateway  
  173  11:16  Gateway  
  149  11:29  High Templar  
  149  11:32  Probe  
  132  11:34  Probe x3  
  132  11:35  High Templar x2  
  139  11:44  Probe, Immortal  
  139  11:46  Probe x3  
  143  11:53  High Templar  
  149  11:56  Probe  
  149  11:57  High Templar  
  149  11:58  Probe, Zealot x2  
  157  12:06  Assimilator  
  157  12:08  Assimilator, Zealot x3  
  163  12:12  Pylon x2  
  163  12:18  High Templar x2  
  163  12:21  Zealot x3  
  171  12:23  Archon  
  167  12:36  Archon  
  125  12:42  Immortal  
  123  12:46  High Templar x2  
  123  12:47  Zealot x5  
  123  12:48  Zealot  
  123  12:51  Archon  
  129  13:02  Zealot x2  
  117  13:10  Zealot x6  
  95  13:22  Immortal  
  99  13:33  High Templar  
  99  13:34  High Templar x3  
  99  13:35  Zealot x5  
  99  13:38  Archon x2  
  99  13:41  Probe x4  
  115  13:53  Probe x3  
  96  14:04  Zealot x4  
  88  14:26  High Templar x4  
  88  14:27  Zealot x4  
  88  14:31  Archon x2  
Show
View Real Time Build Order
Export as new Build Order

Aristori Zerg 

Build Orders: Hatch First 

Get SALT Encoding   

  12  0:00  Drone  
  13  0:12  Overlord  
  13  0:17  Drone  
  14  0:30  Drone x2  
  16  0:47  Drone  
  17  0:54  Hatchery  
  17  0:56  Drone  
  17  0:58  Drone  
  18  1:10  Extractor  
  17  1:13  Spawning Pool  
  17  1:15  Drone  
  17  1:20  Drone  
  18  1:28  Drone  
  19  1:40  Drone  
  20  1:51  Overlord  
  20  2:01  Queen  
  22  2:05  Queen  
  22  2:07  Zergling x2  
  22  2:08  Zergling x2  
  26  2:14  Metabolic Boost  
  26  2:18  Drone  
  26  2:19  Drone  
  28  2:25  Drone  
  28  2:29  Drone  
  30  2:35  Drone  
  31  2:41  Queen  
  33  2:46  Hatchery  
  32  2:52  Overlord  
  32  2:53  Drone  
  32  2:55  Zergling x2  
  32  2:58  Drone  
  35  3:10  Zergling x2  
  36  3:15  Drone x5  
  41  3:25  Queen  
  41  3:26  Overlord  
  43  3:29  Spore Crawler  
  38  3:42  Drone x4  
  38  3:48  Drone, Overlord  
  42  3:49  Drone x4  
  47  3:57  Queen, Overlord  
  49  4:05  Drone  
  50  4:11  Zergling x2  
  50  4:12  Zergling x8  
  50  4:13  Overlord  
  54  4:22  Overlord  
  53  4:25  Drone x6  
  57  4:33  Spore Crawler  
  57  4:35  Drone  
  57  4:36  Drone  
  57  4:37  Spore Crawler  
  57  4:44  Drone x3  
  60  4:48  Overlord  
  60  4:52  Drone x5  
  65  4:53  Drone x2  
  64  5:03  Roach Warren, Evolution Chamber  
  64  5:04  Lair  
  64  5:06  Drone x3  
  64  5:11  Zergling x2  
  64  5:12  Zergling x6  
  64  5:18  Drone x3  
  63  5:29  Extractor  
  63  5:30  Extractor, Drone x6  
  63  5:34  Zerg Missile Weapons Level 1  
  67  5:37  Drone x4  
  71  5:48  Drone  
  72  5:50  Queen  
  72  5:54  Hatchery  
  72  5:56  Drone  
  73  5:58  Drone  
  73  5:59  Drone x6  
  80  6:10  Drone x4  
  83  6:15  Overlord  
  83  6:19  Extractor x2  
  83  6:24  Drone x8  
  88  6:36  Baneling Nest  
  88  6:39  Evolution Chamber  
  84  6:49  Drone x12  
  84  6:51  Glial Reconstitution  
  84  6:53  Roach  
  98  7:00  Roach  
  97  7:01  Overlord x2  
  97  7:02  Overlord  
  97  7:10  Zerg Melee Weapons Level 1  
  97  7:13  Spore Crawler  
  97  7:14  Roach  
  97  7:15  Roach x3  
  104  7:17  Overlord x3  
  104  7:22  Centrifugal Hooks  
  104  7:23  Overlord x2  
  104  7:26  Overseer  
  104  7:28  Roach  
  104  7:29  Roach x9  
  124  7:34  Queen x3  
  130  7:39  Roach, Extractor  
  130  7:40  Roach x2  
  135  7:47  Roach x6  
  135  7:49  Overlord  
  135  7:50  Overlord  
  147  7:52  Zerg Missile Weapons Level 2  
  147  7:55  Zergling x8  
  147  7:56  Zergling x2  
  152  8:07  Zergling x14  
  159  8:15  Zergling x2  
  159  8:16  Zergling x8  
  164  8:26  Extractor  
  163  8:27  Zergling x2  
  163  8:28  Zergling x14  
  163  8:29  Ravager  
  163  8:30  Ravager x2  
  163  8:31  Ravager x2  
  163  8:32  Ravager x4  
  163  8:33  Hatchery  
  179  8:35  Zergling x2  
  179  8:36  Zergling x8  
  180  8:48  Overlord  
  180  8:55  Roach x5  
  181  9:05  Baneling x15  
  172  9:21  Overlord  
  158  9:25  Roach x9  
  158  9:28  Zergling x26  
  182  9:31  Zerg Melee Weapons Level 2  
  182  9:34  Infestation Pit  
  176  9:41  Zergling x14  
  176  9:43  Ravager  
  176  9:44  Ravager  
  185  9:48  Ravager x2  
  188  9:52  Zergling x2  
  188  9:53  Zergling x10  
  193  10:01  Ravager x2  
  193  10:02  Ravager  
  193  10:04  Baneling x3  
  168  10:23  Roach x14  
  168  10:27  Zergling x6  
  194  10:31  Extractor  
  194  10:32  Queen  
  187  10:37  Zergling x8  
  187  10:38  Zergling x20  
  198  10:44  Pneumatized Carapace  
  195  10:55  Baneling  
  195  10:56  Baneling x11  
  196  10:57  Zergling x8  
  199  11:05  Baneling x9  
  199  11:13  Hydralisk Den  
  199  11:15  Unknown  
  169  11:33  Zergling x12  
  169  11:34  Zergling x48  
  199  11:41  Hive  
  199  11:45  Lurker Den  
  195  11:49  Overlord  
  190  11:59  Baneling x8  
  190  12:00  Baneling x17  
  187  12:04  Muscular Augments  
  187  12:06  Zergling x2  
  187  12:07  Zergling x24  
  199  12:14  Baneling x13  
  182  12:34  Roach x7  
  182  12:35  Roach x9  
  182  12:36  Zergling x4  
  182  12:37  Zergling x24  
  169  12:46  Ravager x2  
  169  12:49  Roach x4  
  146  13:04  Roach x8  
  137  13:10  Roach x3  
  113  13:18  Roach x3  
  107  13:20  Zergling x14  
  111  13:29  Ravager  
  111  13:32  Zergling x18  
  111  13:33  Zergling x2  
  111  13:34  Baneling x2  
  122  13:36  Baneling  
  122  13:39  Baneling  
  60  14:11  Roach x10  

Tags
 
Add a new tag
Caveats
  • Supply blocks, unpowered buildings, or Contaminate may cause inaccurate times.
  • Supply counts are checked every 10 seconds.